 Dungeon Crawl Stone Soup version 0.29-a0-557-g43b9904bd1 (webtiles) character file.

Game seed: 16032265313453471225

53 siradein the Sneak (level 3, -2/21 HPs)
             Began as a Vampire Brigand on June 8, 2022.
             Slain by a gnoll
             ... wielding a +0 flail
              (11 damage)
             ... on level 2 of the Dungeon.
             The game lasted 00:02:00 (1457 turns).

siradein the Sneak (Vampire Brigand)                Turns: 1457, Time: 00:02:01

Health: -2/21      AC:  3    Str: 10    XL:     3   Next: 64%
Magic:  3/3        EV: 12    Int: 15    God:
Gold:   33         SH:  0    Dex: 15    Spells: 2/2 levels left

rFire   . . .      SeeInvis +   a - +2 dagger
rCold   + + .      Faith    .   (no shield)
rNeg    + + +      Spirit   .   b - +0 robe
rPois   ∞          Reflect  .   (no helmet)
rElec   .          Harm     .   c - +0 cloak
rCorr   .          Rampage  .   (no gloves)
Will    .....                   (no boots)
Stlth   +++++.....              (no amulet)
HPRegen 0.00/turn               (no ring)
MPRegen 0.08/turn               (no ring)

@: bloodless, inhibited regen
A: bloodless, fangs 3, see invisible, vampiric 2
a: Bat Form, Revivify


You were on level 2 of the Dungeon.
You visited 1 branch of the dungeon, and saw 2 of its levels.

You collected 33 gold pieces.

Inventory:

Hand Weapons
 a - a +2 dagger (weapon)
Missiles
 d - 9 poisoned darts (quivered)
 e - 3 curare-tipped darts
 n - 3 datura-tipped darts
Armour
 b - a +0 robe (worn)
 c - a +0 cloak (worn)
Jewellery
 k - a ring of magical power
Scrolls
 f - a scroll of fog {unknown}
 g - 3 scrolls of identify {unknown}
 h - a scroll of poison {unknown}
 i - 2 scrolls of teleportation {unknown}
 j - a scroll of acquirement {unknown}
 o - a scroll of noise {unknown}
Potions
 l - 2 potions of lignification {unknown}
 m - a potion of might {unknown}


   Skills:
 + Level 2.2 Fighting
 + Level 2.8 Short Blades
 + Level 2.0 Throwing
 + Level 2.0 Dodging
 + Level 6.3 Stealth


You had 2 spell levels left.
You didn't know any spells.
Your spell library contained the following spells:

 Spells                   Type           Power      Damage    Failure   Level
 Ignite Poison            Fire/Tmut/Pois 0%         N/A       63%         3
 Mephitic Cloud           Conj/Pois/Air  0%         N/A       63%         3
 Freezing Cloud           Conj/Ice/Air   0%         6-21      100%        5


Dungeon Overview and Level Annotations

Branches:
Dungeon (2/15)

Altars:


Innate Abilities, Weirdness & Mutations

You do not regenerate when monsters are visible.
You are frail without blood (-20% HP).
You can heal yourself when you bite living creatures.
You are immune to poison.
You have razor-sharp teeth.
You have supernaturally acute eyesight. (SInv)
You are afflicted with vampirism and can become a bat while bloodless.


Message History

You impale the hobgoblin!!
You kill the hobgoblin!
You see here a hobgoblin corpse.
The helpless adder fails to defend itself.
You bite the adder, and draw its blood! You impale the adder!!
You kill the adder!
Your Throwing skill increases to level 2!
The helpless adder fails to defend itself.
You bite the adder, and draw its blood! You impale the adder!!
You kill the adder!
Your Dodging skill increases to level 2!
No target in view!
o - a scroll labelled QUWYRE NEANUN You open the door.
A gnoll and 2 jackals come into view.
There are monsters nearby!
There are monsters nearby!
There is an open door here.
The helpless jackal fails to defend itself.
You bite the jackal, and draw its blood!
You impale the jackal!!
You kill the jackal!
The helpless jackal fails to defend itself.
You bite the jackal, and draw its blood!
You impale the jackal!!
You kill the jackal!
The gnoll shouts!
The gnoll hits you with a +0 flail.
You hit the gnoll but do no damage. You bite the gnoll.
You draw the gnoll's blood!
You feel better.
The gnoll is lightly wounded.
The gnoll hits you with a +0 flail!
You are too injured to fight recklessly!
You are too injured to fight recklessly!
You are too injured to fight recklessly!
You are too injured to fight recklessly!
There is an open door here.
The gnoll attacks as you move away! The gnoll hits you with a +0 flail!
Ouch! That really hurt!
You die...

..# ###.######.
#..........
###.#........ #####
#...#.####### #...+
#...#...#### #†..#
#...#......# # #..g+
#...#......#
#.###@###...#(.....#
#..P.P...#.#......###
#........#.#.#..†....
####.....#.#.###.....
........#.#.........
........#...#.##......
.........##.....<......
.......... ............
#.........#............


You could see a gnoll.

Vanquished Creatures
  2 adders (D:2)
  2 endoplasms (D:1)
  A giant cockroach (D:2)
  A goblin (D:1)
  2 hobgoblins
  9 jackals
  5 kobolds (D:1)
  4 ball pythons (D:1)
  4 bats (D:1)
  A frilled lizard (D:1)
  A rat (D:2)
32 creatures vanquished.

Notes
Turn   | Place    | Note
-------+----------+-------------------------------------------
     0 | D:1      | siradein the Vampire Brigand began the quest for the Orb.
     0 | D:1      | Reached XP level 1. HP: 16/16 MP: 1/1
   200 | D:1      | Reached skill level 6 in Stealth
   203 | D:1      | Reached XP level 2. HP: 17/17 MP: 2/2
  1037 | D:1      | Found a faded altar of an unknown god.
  1197 | D:1      | Gained mutation: You are afflicted with vampirism and can
                  | become a bat while bloodless. [Vampire growth]
  1197 | D:1      | Reached XP level 3. HP: 19/21 MP: 3/3
  1457 | D:2      | Slain by a gnoll

Illustrated notes

Levels and vault maps discovered:
D:1:      dpeg_arrival_shelter, layout_rooms, nicolae_ecumenical_snake_handling
D:2:      layout_basic, cheibrodos_gnoll_hut

Skill      XL: |  1  2  3 |
---------------+----------+-----
Stealth        | 6 |  6.3
Fighting       | 2 |  2.2
Throwing       | 2 |  2.0
Dodging        | 2 |  2.0
Short Blades   | |  2.8

Action                   || total
-------------------------++-------
Melee: Dagger            ||    89
       Bite              ||    14
 Abil: Exsanguinate      ||     1
 Stab: Sleeping          ||    11
Armor: Robe              ||    31
Dodge: Dodged            ||    61

Table legend: (Time is in decaauts)
 A = Elapsed time spent in this place.
 B = Non-inter-level travel time spent in this place.
 C = Inter-level travel time spent in this place.
 D = Time resting spent in this place.
 E = Time spent auto-exploring this place.
 F = Levels seen in this place.
 G = Mean time per level.
                   A        B        C        D        E       F      G
               +--------+--------+--------+--------+--------+-----+--------+
         Total |   1446 |   1431 |     15 |    559 |    630 |   2 |  723.0 |
       Dungeon |   1446 |   1431 |     15 |    559 |    630 |   2 |  723.0 |
               +--------+--------+--------+--------+--------+-----+--------+

Top non-repeatable levels by time:
     D:1: 1224 daAuts
     D:2: 221 daAuts
